General information
- name: BNet
- type: Ladder team game (AT/RT)
- host: Battle.net
- saver: Saulgoodman
map: MarketSquare
- players: 8
- length: 42:26
- speed: Fast
- version: 1.27 W3XP
- replay type: Public
» download(239 KB)
Players
team 1 (loser)
lordofcastamere (
blue | 101 APM | 1987 actions | 19:39)
4 Archmage
2 Summon Water Elemental
2 Brilliance Aura
1 Mountain King
1 Storm Bolt
» actions
| Assign group hotkey | 35 | |
| Basic commands | 90 | |
| Build / train | 104 | |
| Enter build submenu | 22 | |
| Enter hero's abilities submenu | 5 | |
| Remove unit from queue | 6 | |
| Right click | 1094 | |
| Select / deselect | 341 | |
| Select group hotkey | 195 | |
| Use ability | 95 | |
1987 total
» units
| Peasant | 27 | |
| Footman | 18 | |
| Spell Breaker | 8 | |
| Flying Machine | 16 | |
69 total
» upgrades
» buildings
| Barracks | 1 | |
| Farm | 8 | |
| Altar of Kings | 2 | |
| Arcane Vault | 1 | |
| Keep | 1 | |
| Blacksmith | 1 | |
| Arcane Sanctum | 1 | |
| Castle | 1 | |
| Workshop | 2 | |
18 total
» build order
00:09 Barracks
00:12 Farm
00:15 Altar of Kings
00:53 Farm
02:13 Farm
02:27 Arcane Vault
03:40 Farm
04:07 Keep
04:46 Farm
05:52 Farm
05:55 Blacksmith
08:07 Arcane Sanctum
11:22 Castle
11:40 Farm
11:49 Workshop
13:24 Workshop
13:37 Farm
15:41 Altar of Kings
» items
| Scroll of Regeneration | 3 | |
| Lesser Clarity Potion | 2 | |
| Dust of Appearance | 1 | |
| Boots of Speed | 1 | |
| Scroll of Town Portal | 1 | |
| Potion of Healing | 1 | |
| Potion of Lesser Invulnerability | 3 | |
12 total
Saulgoodman (
orange | 90 APM | 3800 actions | 42:26)
9 Mountain King
3 Storm Bolt
3 Bash
1 Avatar
2 Thunder Clap
» actions
| Assign group hotkey | 135 | |
| Basic commands | 44 | |
| Build / train | 287 | |
| Enter build submenu | 84 | |
| Enter hero's abilities submenu | 9 | |
| Give item / drop item | 13 | |
| Remove unit from queue | 5 | |
| Right click | 1253 | |
| Select / deselect | 510 | |
| Select group hotkey | 1200 | |
| Use ability | 260 | |
3800 total
» units
| Peasant | 28 | |
| Footman | 9 | |
| Gryphon Rider | 5 | |
| Sorceress | 1 | |
| Dragonhawk Rider | 4 | |
| Knight | 1 | |
| Spell Breaker | 1 | |
49 total
» upgrades
| Defend | 1 | |
| Masonry | 3 | |
| Swords | 3 | |
| Armor | 3 | |
| Storm Hammers | 1 | |
| Cloud | 2 | |
| Sorceress Training | 2 | |
| Animal War Training | 1 | |
| Magic Sentry | 1 | |
| Plating | 3 | |
| Gunpowder | 3 | |
| Long Rifles | 1 | |
| Backpack | 1 | |
| Priest Training | 0 | |
| Control Magic | 0 | |
25 total
» buildings
| Barracks | 1 | |
| Altar of Kings | 1 | |
| Farm | 12 | |
| Arcane Vault | 1 | |
| Lumber Mill | 1 | |
| Town Hall | 7 | |
| Scout Tower | 54 | |
| Guard Tower | 95 | |
| Keep | 3 | |
| Castle | 5 | |
| Blacksmith | 1 | |
| Gryphon Aviary | 3 | |
| Arcane Sanctum | 1 | |
| Spirit Tower | 5 | |
| Ziggurat | 9 | |
| Arcane Tower | 22 | |
| Nerubian Tower | 4 | |
225 total
» build order
00:37 Barracks
00:52 Altar of Kings
00:55 Farm
01:05 Farm
01:08 Farm
03:02 Farm
03:06 Arcane Vault
03:25 Lumber Mill
03:32 Farm
04:20 Town Hall
04:23 Scout Tower
04:24 Scout Tower
04:25 Scout Tower
04:26 Scout Tower
04:28 Scout Tower
04:54 Guard Tower
04:54 Guard Tower
04:55 Guard Tower
04:55 Guard Tower
05:20 Guard Tower
06:26 Keep
06:26 Keep
06:55 Guard Tower
06:55 Guard Tower
06:55 Guard Tower
06:56 Guard Tower
06:56 Guard Tower
07:39 Town Hall
07:47 Scout Tower
07:48 Scout Tower
07:48 Scout Tower
07:49 Scout Tower
07:53 Scout Tower
07:54 Scout Tower
07:55 Scout Tower
07:56 Scout Tower
08:38 Guard Tower
08:38 Guard Tower
08:38 Guard Tower
09:33 Castle
09:33 Castle
09:34 Castle
10:00 Blacksmith
10:29 Gryphon Aviary
10:29 Gryphon Aviary
11:21 Scout Tower
11:22 Scout Tower
11:23 Scout Tower
11:24 Scout Tower
12:19 Guard Tower
12:26 Guard Tower
12:26 Guard Tower
12:26 Guard Tower
13:36 Guard Tower
13:45 Scout Tower
13:47 Scout Tower
13:48 Scout Tower
14:18 Guard Tower
14:19 Guard Tower
14:19 Guard Tower
14:19 Guard Tower
14:20 Guard Tower
14:21 Guard Tower
14:21 Guard Tower
14:21 Guard Tower
16:54 Arcane Sanctum
17:05 Farm
17:06 Farm
17:07 Farm
17:08 Farm
17:09 Farm
17:16 Farm
17:17 Farm
17:52 Scout Tower
17:55 Scout Tower
17:56 Scout Tower
17:57 Scout Tower
18:44 Guard Tower
18:44 Guard Tower
18:46 Scout Tower
18:46 Scout Tower
18:49 Scout Tower
18:51 Scout Tower
18:52 Scout Tower
19:52 Guard Tower
19:52 Guard Tower
19:52 Guard Tower
19:53 Guard Tower
19:54 Guard Tower
19:54 Guard Tower
19:55 Guard Tower
19:55 Guard Tower
19:55 Guard Tower
20:25 Guard Tower
20:26 Guard Tower
20:26 Guard Tower
22:12 Gryphon Aviary
22:19 Scout Tower
22:20 Scout Tower
22:23 Scout Tower
22:28 Scout Tower
22:31 Scout Tower
22:32 Scout Tower
22:35 Scout Tower
22:38 Scout Tower
22:39 Scout Tower
22:43 Scout Tower
22:44 Scout Tower
22:46 Scout Tower
22:46 Scout Tower
22:48 Scout Tower
22:49 Scout Tower
22:52 Scout Tower
23:04 Guard Tower
23:04 Guard Tower
23:04 Guard Tower
23:05 Guard Tower
23:05 Guard Tower
23:05 Guard Tower
23:09 Guard Tower
23:10 Guard Tower
23:10 Guard Tower
23:10 Guard Tower
23:11 Guard Tower
23:13 Guard Tower
23:13 Guard Tower
23:13 Guard Tower
23:14 Guard Tower
23:14 Guard Tower
23:14 Guard Tower
23:15 Guard Tower
23:15 Guard Tower
23:17 Guard Tower
23:18 Guard Tower
23:18 Guard Tower
23:18 Guard Tower
23:18 Guard Tower
23:19 Guard Tower
23:19 Guard Tower
23:25 Guard Tower
23:26 Guard Tower
24:04 Scout Tower
24:22 Scout Tower
24:28 Scout Tower
24:55 Spirit Tower
24:55 Spirit Tower
24:55 Spirit Tower
24:59 Ziggurat
25:00 Ziggurat
25:01 Ziggurat
25:03 Ziggurat
25:05 Ziggurat
25:54 Arcane Tower
25:54 Arcane Tower
25:54 Arcane Tower
25:55 Arcane Tower
25:55 Arcane Tower
25:58 Arcane Tower
26:05 Scout Tower
26:06 Scout Tower
26:07 Scout Tower
26:15 Scout Tower
26:15 Scout Tower
26:18 Scout Tower
26:37 Arcane Tower
26:38 Arcane Tower
26:38 Arcane Tower
26:38 Arcane Tower
26:51 Arcane Tower
26:51 Arcane Tower
26:51 Arcane Tower
26:51 Arcane Tower
26:56 Arcane Tower
26:56 Arcane Tower
27:08 Arcane Tower
27:08 Arcane Tower
30:58 Ziggurat
30:59 Ziggurat
31:01 Ziggurat
31:02 Ziggurat
31:07 Nerubian Tower
31:07 Nerubian Tower
31:07 Nerubian Tower
35:57 Town Hall
36:03 Town Hall
36:09 Town Hall
36:19 Town Hall
36:23 Town Hall
» items
| Scroll of Regeneration | 12 | |
| Staff of Sanctuary | 1 | |
| Mechanical Critter | 5 | |
| Orb of Corruption | 1 | |
| Potion of Invisibility | 3 | |
| Staff of Teleportation | 1 | |
| Lesser Clarity Potion | 7 | |
| Scroll of Town Portal | 1 | |
| Orb of Fire | 1 | |
| Potion of Healing | 1 | |
33 total
Petrovich (
green | 23 APM | 784 actions | 34:37)
5 Mountain King
3 Storm Bolt
2 Bash
» actions
| Basic commands | 13 | |
| Build / train | 94 | |
| Enter build submenu | 34 | |
| Enter hero's abilities submenu | 5 | |
| Right click | 298 | |
| Select / deselect | 286 | |
| Use ability | 54 | |
784 total
» units
| Peasant | 15 | |
| Footman | 6 | |
| Gryphon Rider | 9 | |
| Siege Engine | 3 | |
| Crypt Fiend | 5 | |
| Acolyte | 11 | |
49 total
» upgrades
| Masonry | 2 | |
| Swords | 3 | |
| Lumber Harvesting | 2 | |
| Armor | 3 | |
| Animal War Training | 1 | |
| Storm Hammers | 1 | |
| Barrage | 1 | |
| Gunpowder | 1 | |
| Plating | 1 | |
| Creature Carapace | 1 | |
16 total
» buildings
| Farm | 10 | |
| Lumber Mill | 1 | |
| Altar of Kings | 2 | |
| Scout Tower | 4 | |
| Arcane Tower | 1 | |
| Guard Tower | 3 | |
| Barracks | 2 | |
| Keep | 1 | |
| Blacksmith | 1 | |
| Arcane Vault | 1 | |
| Gryphon Aviary | 3 | |
| Castle | 1 | |
| Town Hall | 1 | |
| Spirit Tower | 9 | |
| Altar of Darkness | 2 | |
| Ziggurat | 3 | |
45 total
» build order
00:40 Farm
00:50 Lumber Mill
01:16 Altar of Kings
01:21 Scout Tower
01:27 Scout Tower
01:48 Arcane Tower
01:57 Guard Tower
02:22 Farm
03:05 Barracks
03:14 Farm
03:38 Keep
03:59 Barracks
04:12 Blacksmith
04:22 Farm
04:39 Scout Tower
04:43 Scout Tower
04:52 Farm
04:58 Farm
05:15 Guard Tower
05:26 Guard Tower
06:26 Arcane Vault
06:52 Gryphon Aviary
07:47 Gryphon Aviary
08:28 Castle
08:40 Farm
10:39 Gryphon Aviary
12:15 Farm
16:33 Town Hall
24:16 Altar of Kings
25:35 Farm
26:27 Spirit Tower
26:52 Farm
27:06 Spirit Tower
27:07 Spirit Tower
27:14 Spirit Tower
30:20 Altar of Darkness
30:29 Altar of Darkness
30:42 Ziggurat
30:52 Ziggurat
31:01 Ziggurat
31:47 Spirit Tower
32:01 Spirit Tower
32:25 Spirit Tower
32:58 Spirit Tower
33:02 Spirit Tower
» items
| Boots of Speed | 1 | |
| Lesser Clarity Potion | 2 | |
| Orb of Fire | 1 | |
| Scroll of Town Portal | 2 | |
| Scroll of Regeneration | 1 | |
| Potion of Healing | 1 | |
8 total
LEGENDARYABS (
yellow | 44 APM | 892 actions | 20:06)
3 Death Knight
2 Death Coil
1 Unholy Aura
» actions
| Assign group hotkey | 17 | |
| Basic commands | 25 | |
| Build / train | 51 | |
| Enter build submenu | 21 | |
| Enter hero's abilities submenu | 3 | |
| Right click | 406 | |
| Select / deselect | 162 | |
| Select group hotkey | 173 | |
| Use ability | 34 | |
892 total
» units
| Acolyte | 12 | |
| Ghoul | 6 | |
| Crypt Fiend | 14 | |
| Frost Wyrm | 2 | |
34 total
» upgrades
| Creature Attack | 3 | |
| Web | 1 | |
| Creature Carapace | 1 | |
5 total
» buildings
| Crypt | 2 | |
| Ziggurat | 8 | |
| Graveyard | 1 | |
| Altar of Darkness | 1 | |
| Halls of the Dead | 1 | |
| Tomb of Relics | 1 | |
| Black Citadel | 1 | |
| Spirit Tower | 5 | |
| Sacrificial Pit | 1 | |
| Necropolis | 1 | |
| Boneyard | 2 | |
24 total
» build order
00:11 Crypt
00:14 Ziggurat
00:38 Graveyard
00:58 Altar of Darkness
01:42 Crypt
02:11 Ziggurat
02:45 Ziggurat
05:24 Halls of the Dead
05:44 Tomb of Relics
06:17 Ziggurat
08:00 Black Citadel
08:10 Spirit Tower
11:34 Spirit Tower
11:42 Sacrificial Pit
12:02 Spirit Tower
12:10 Ziggurat
13:02 Spirit Tower
13:54 Necropolis
16:58 Ziggurat
17:03 Ziggurat
17:09 Boneyard
18:18 Spirit Tower
18:21 Ziggurat
19:09 Boneyard
» items
team 2 (winner)
phaze (
pink | 33 APM | 1350 actions | 41:13)
4 Death Knight
2 Death Coil
2 Unholy Aura
3 Lich
2 Frost Nova
1 Frost Armor
» actions
| Assign group hotkey | 33 | |
| Basic commands | 103 | |
| Build / train | 75 | |
| Enter build submenu | 13 | |
| Enter hero's abilities submenu | 7 | |
| Give item / drop item | 1 | |
| Remove unit from queue | 1 | |
| Right click | 563 | |
| Select / deselect | 225 | |
| Select group hotkey | 266 | |
| Use ability | 63 | |
1350 total
» units
| Acolyte | 18 | |
| Ghoul | 5 | |
| Crypt Fiend | 11 | |
| Obsidian Statue | 5 | |
| Abomination | 2 | |
41 total
» upgrades
| Web | 1 | |
| Burrow | 1 | |
| Creature Attack | 3 | |
| Destroyer Form | 1 | |
| Creature Carapace | 3 | |
| Unholy Strength | 1 | |
| Unholy Armor | 1 | |
| Disease Cloud | 1 | |
12 total
» buildings
| Altar of Darkness | 1 | |
| Crypt | 1 | |
| Ziggurat | 9 | |
| Graveyard | 1 | |
| Tomb of Relics | 1 | |
| Nerubian Tower | 1 | |
| Spirit Tower | 4 | |
| Halls of the Dead | 1 | |
| Sacrificial Pit | 1 | |
| Black Citadel | 1 | |
| Slaughterhouse | 2 | |
23 total
» build order
00:10 Altar of Darkness
00:15 Crypt
00:35 Ziggurat
00:58 Graveyard
01:22 Ziggurat
01:54 Tomb of Relics
02:09 Nerubian Tower
02:17 Ziggurat
03:39 Spirit Tower
04:28 Halls of the Dead
06:57 Sacrificial Pit
08:37 Black Citadel
11:45 Slaughterhouse
11:47 Slaughterhouse
12:13 Ziggurat
12:16 Ziggurat
12:18 Ziggurat
12:20 Ziggurat
13:27 Spirit Tower
13:42 Spirit Tower
22:16 Ziggurat
22:20 Ziggurat
23:14 Spirit Tower
» items
| Rod of Necromancy | 1 | |
| Dust of Appearance | 1 | |
| Potion of Lesser Invulnerability | 1 | |
| Potion of Invisibility | 1 | |
| Scroll of Town Portal | 1 | |
5 total
BattlefieldLove (
teal | 46 APM | 1966 actions | 42:26)
10 Blademaster
3 Wind Walk
3 Critical Strike
1 Bladestorm
3 Mirror Image
» actions
| Assign group hotkey | 65 | |
| Basic commands | 113 | |
| Build / train | 57 | |
| Enter build submenu | 60 | |
| Enter hero's abilities submenu | 10 | |
| Give item / drop item | 7 | |
| Right click | 1018 | |
| Select / deselect | 309 | |
| Select group hotkey | 160 | |
| Use ability | 167 | |
1966 total
» units
» upgrades
| Reinforced Defenses | 1 | |
| Troll Regeneration | 1 | |
| Ranged Weapons | 3 | |
| Armor | 3 | |
| Liquid Fire | 1 | |
| Envenomed Spears | 1 | |
10 total
» buildings
| Orc Burrow | 4 | |
| Altar of Storms | 1 | |
| Barracks | 1 | |
| Voodoo Lounge | 1 | |
| Stronghold | 1 | |
| War Mill | 2 | |
| Watch Tower | 44 | |
| Great Hall | 5 | |
| Fortress | 1 | |
| Beastiary | 3 | |
63 total
» build order
00:14 Orc Burrow
01:08 Orc Burrow
01:12 Altar of Storms
01:15 Barracks
02:11 Voodoo Lounge
02:50 Stronghold
04:05 War Mill
04:07 Orc Burrow
05:40 Watch Tower
05:41 Watch Tower
05:41 Watch Tower
06:49 Great Hall
06:58 Orc Burrow
09:55 Fortress
12:59 Watch Tower
13:00 Watch Tower
13:01 Watch Tower
13:04 Watch Tower
13:05 Watch Tower
13:06 Watch Tower
13:07 Watch Tower
14:14 War Mill
15:05 Watch Tower
15:05 Watch Tower
15:05 Watch Tower
15:08 Watch Tower
16:42 Watch Tower
16:42 Watch Tower
17:14 Watch Tower
17:15 Watch Tower
17:17 Watch Tower
17:20 Watch Tower
17:58 Watch Tower
17:58 Watch Tower
18:13 Beastiary
18:16 Beastiary
18:19 Beastiary
19:37 Watch Tower
19:39 Watch Tower
29:45 Great Hall
29:46 Watch Tower
29:46 Watch Tower
29:47 Watch Tower
29:47 Watch Tower
31:57 Watch Tower
31:58 Watch Tower
31:58 Watch Tower
31:58 Watch Tower
34:09 Great Hall
34:11 Watch Tower
34:11 Watch Tower
34:12 Watch Tower
34:13 Watch Tower
34:13 Watch Tower
34:13 Watch Tower
34:14 Watch Tower
36:09 Great Hall
36:20 Great Hall
» items
| Healing Salve | 2 | |
| Scroll of Town Portal | 1 | |
| Periapt of Vitality | 1 | |
| Boots of Speed | 1 | |
| Orb of Lightning | 1 | |
6 total
FRODO-WAGGINS (
purple | 60 APM | 2564 actions | 42:26)
7 Blademaster
3 Wind Walk
3 Critical Strike
1 Bladestorm
5 Shadow Hunter
3 Hex
2 Healing Wave
» actions
| Assign group hotkey | 43 | |
| Basic commands | 92 | |
| Build / train | 75 | |
| Enter build submenu | 21 | |
| Enter hero's abilities submenu | 12 | |
| Give item / drop item | 3 | |
| Remove unit from queue | 2 | |
| Right click | 1179 | |
| Select / deselect | 286 | |
| Select group hotkey | 731 | |
| Use ability | 120 | |
2564 total
» units
| Peon | 13 | |
| Grunt | 4 | |
| Wind Rider | 8 | |
| Raider | 3 | |
28 total
» upgrades
| Ranged Weapons | 2 | |
| Armor | 2 | |
| Reinforced Defenses | 1 | |
| Envenomed Spears | 1 | |
| Liquid Fire | 1 | |
7 total
» buildings
| Altar of Storms | 1 | |
| Orc Burrow | 6 | |
| Barracks | 1 | |
| Voodoo Lounge | 1 | |
| Stronghold | 1 | |
| War Mill | 1 | |
| Great Hall | 1 | |
| Watch Tower | 17 | |
| Beastiary | 3 | |
| Fortress | 2 | |
34 total
» build order
00:14 Altar of Storms
00:21 Orc Burrow
00:40 Barracks
01:33 Orc Burrow
01:59 Voodoo Lounge
03:14 Stronghold
04:04 War Mill
05:36 Orc Burrow
06:34 Great Hall
06:37 Watch Tower
06:38 Watch Tower
06:48 Beastiary
06:52 Beastiary
07:46 Watch Tower
07:58 Watch Tower
10:23 Fortress
10:23 Fortress
11:52 Watch Tower
11:53 Watch Tower
11:53 Watch Tower
11:54 Watch Tower
11:54 Watch Tower
13:11 Orc Burrow
13:13 Orc Burrow
16:10 Beastiary
17:11 Orc Burrow
23:39 Watch Tower
23:40 Watch Tower
23:40 Watch Tower
23:42 Watch Tower
27:26 Watch Tower
27:26 Watch Tower
27:27 Watch Tower
27:28 Watch Tower
» items
| Healing Salve | 4 | |
| Potion of Mana | 2 | |
| Potion of Healing | 1 | |
| Lesser Clarity Potion | 2 | |
| Orb of Lightning | 1 | |
| Scroll of Town Portal | 4 | |
| Potion of Lesser Invulnerability | 2 | |
| Scroll of Healing | 1 | |
| Staff of Teleportation | 2 | |
19 total
HOSSCAT (
red | 36 APM | 1088 actions | 30:02)
6 Blademaster
3 Wind Walk
3 Critical Strike
3 Shadow Hunter
2 Healing Wave
1 Hex
» actions
| Basic commands | 9 | |
| Build / train | 97 | |
| Enter build submenu | 19 | |
| Enter hero's abilities submenu | 9 | |
| Remove unit from queue | 2 | |
| Right click | 588 | |
| Select / deselect | 294 | |
| Use ability | 70 | |
1088 total
» units
| Peon | 12 | |
| Troll Headhunter/Berserker | 25 | |
| Shaman | 11 | |
| Troll Witch Doctor | 8 | |
| Troll Batrider | 5 | |
61 total
» upgrades
| Ranged Weapons | 3 | |
| Spiked Barricades | 2 | |
| Armor | 3 | |
| Shaman Training | 2 | |
| Berserker Upgrade | 1 | |
| Troll Regeneration | 1 | |
| Witch Doctor Training | 2 | |
| Liquid Fire | 1 | |
15 total
» buildings
| Orc Burrow | 8 | |
| Altar of Storms | 1 | |
| War Mill | 1 | |
| Barracks | 1 | |
| Watch Tower | 5 | |
| Stronghold | 1 | |
| Fortress | 1 | |
| Spirit Lodge | 1 | |
| Voodoo Lounge | 1 | |
| Beastiary | 1 | |
21 total
» build order
00:22 Orc Burrow
00:32 Altar of Storms
00:58 War Mill
01:25 Barracks
02:12 Orc Burrow
02:29 Watch Tower
03:12 Watch Tower
03:36 Orc Burrow
03:47 Watch Tower
05:50 Stronghold
08:16 Fortress
09:50 Spirit Lodge
11:43 Orc Burrow
12:22 Voodoo Lounge
16:03 Beastiary
16:39 Watch Tower
17:24 Watch Tower
21:41 Orc Burrow
21:43 Orc Burrow
21:54 Orc Burrow
22:49 Orc Burrow
» items
| Scroll of Town Portal | 1 | |
| Potion of Healing | 1 | |
| Potion of Mana | 1 | |
| Orb of Corruption | 1 | |
| Tiny Great Hall | 1 | |
| Orb of Lightning | 1 | |
6 total
Chat log
(00:09 / All) FRODO-WAGGINS: odd races
(00:25 / Allies) lordofcastamere: 35 food rush
(00:30 / Allies) lordofcastamere: get rdy yellow on ym mark
(00:34 / Allies) lordofcastamere: am foots
(00:39 / Allies) lordofcastamere: defended * foots
(01:01 / Allies) lordofcastamere: yellow can u scout?
(01:47 / Allies) lordofcastamere: plz yellow
(01:58 / Allies) lordofcastamere: scout
(02:04 / Allies) Saulgoodman: what unit is that?
(04:47 / All) FRODO-WAGGINS: WHAT IS DEAD MAY NEVER DIE
(04:56 / Allies) lordofcastamere: omw
(05:02 / All) phaze: except outside techers
(05:07 / All) phaze: that dies lots
(06:00 / Allies) lordofcastamere: lets go back now please
(06:09 / Allies) LEGENDARYABS: ready when u are
(06:13 / Allies) lordofcastamere: omw
(06:30 / Allies) LEGENDARYABS: gonna buy a potion
(06:41 / Allies) lordofcastamere: gooo
(06:53 / Allies) lordofcastamere: yellow!
(07:38 / Allies) lordofcastamere: b
(07:41 / Allies) lordofcastamere: ffs
(07:52 / Allies) lordofcastamere: go back now
(09:06 / All) BattlefieldLove: you are so gay
(09:12 / All) BattlefieldLove: fucking noob
(10:35 / Allies) lordofcastamere: wow oj
(10:37 / Allies) lordofcastamere: jsut wpow
(10:45 / Allies) lordofcastamere: keep focusing it
(10:47 / Allies) lordofcastamere: ur gonan get it
(10:50 / Allies) lordofcastamere: rofl
(10:57 / Allies) lordofcastamere: actually the bm will get itÃ
(11:04 / Allies) Saulgoodman: I got mask of death
(11:04 / Allies) lordofcastamere: LOL
(11:05 / Allies) Saulgoodman: biatch
(11:06 / Allies) lordofcastamere: LOLLLLL
(11:18 / Allies) lordofcastamere: rofl
(12:06 / Allies) lordofcastamere: coem yellow
(14:58 / All) FRODO-WAGGINS: faggot hacker blue
(15:05 / All) lordofcastamere: lol
(15:11 / All) Saulgoodman: My team is all noobs
(15:16 / All) Saulgoodman: I got noobs like blue on my team
(15:17 / All) lordofcastamere: usually its the losers who sing that song
(15:20 / All) lordofcastamere: whats happening today?
(15:27 / All) FRODO-WAGGINS: i dont know lawl
(15:30 / All) lordofcastamere: wait im not only noob
(15:32 / All) lordofcastamere: im also a hacker
(15:40 / All) LEGENDARYABS: i dominate your brains with diamond rank and 4.0 gpa and i get back talk?
(15:54 / All) lordofcastamere: what?
(15:54 / All) BattlefieldLove: sure you do nigger
(15:56 / All) LEGENDARYABS: let me show you my superior 8 inch dick of genetic lottery
(15:59 / All) Saulgoodman: LMAO
(16:03 / All) phaze: how many fin bash procs ...
(16:19 / All) BattlefieldLove: Everyone on internet has 130 iq
(16:21 / All) FRODO-WAGGINS: Kodo #1
(16:22 / All) LEGENDARYABS: god i love feeling your hatred toward my blessed life
(16:36 / All) LEGENDARYABS: you can't handle it, go vote for hillary :)
(17:19 / Allies) lordofcastamere: 2 fiends in my base yellow
(17:29 / All) LEGENDARYABS: im watching ufc
(17:35 / All) FRODO-WAGGINS: lawlz
(17:43 / All) Saulgoodman: don't think anyone would notice if you weren't and focused on the game
(17:48 / All) BattlefieldLove: once you get that hero out it dies anyway
(17:55 / All) LEGENDARYABS: i defend the weak
(17:57 / All) LEGENDARYABS: can't help it
(18:02 / All) LEGENDARYABS: it's what a good shepherd does
(18:06 / All) LEGENDARYABS: for the sheep
(18:32 / Allies) lordofcastamere: oj u gotta help me there
(18:56 / Allies) Saulgoodman: where
(19:27 / All) BattlefieldLove: see
(19:38 / All) lordofcastamere: gg
(19:42 / All) BattlefieldLove: lol
(19:45 / All) BattlefieldLove: GoT faggot
(19:54 / All) LEGENDARYABS: he couldn't understand how superior i am
(20:03 / All) LEGENDARYABS: twitch.tv/legendaryabs, see u in med school inferior plebs
(20:24 / All) FRODO-WAGGINS: "lawl
(20:26 / All) FRODO-WAGGINS: wtf
(20:38 / Allies) Saulgoodman: wood me green
(20:40 / Allies) Saulgoodman: I need wood
(20:42 / All) FRODO-WAGGINS: what a douche
(20:44 / Allies) Saulgoodman: if you leave give me your stuff first
(20:56 / Allies) Saulgoodman: wood me green
(21:03 / Allies) Saulgoodman: wood me green
(21:09 / All) BattlefieldLove: pendant on MK >>>>>>>>>>>>>>>>>>>>>>>>>>>>>> mask of death
(21:40 / Allies) Saulgoodman: wood me
(21:42 / Allies) Saulgoodman: wood petrovich
(21:43 / Allies) Saulgoodman: wood
(21:53 / Allies) Saulgoodman: ty
(22:38 / All) BattlefieldLove: SURVIVED BY THE SKIN OF HIS CHINNY CHIN CHIN
(22:58 / All) BattlefieldLove: I didn't think he'd get that last bolt off
(23:04 / All) BattlefieldLove: otherwise I would have wind walked so he couldn't
(23:53 / All) phaze: oj love my base
(24:01 / All) Saulgoodman: I love your juicy acolytes
(24:04 / All) phaze: did i rape you in past life ?
(24:16 / All) FRODO-WAGGINS: lolz
(24:18 / All) Saulgoodman: soundsl ike something a fag would dream about
(24:25 / All) Saulgoodman: keep dreaming faggot
(24:26 / All) FRODO-WAGGINS: this game had good chat would have great if blue didnt leave so quick
(24:38 / All) phaze: cant help it, you have been in my ass the whole game
(24:43 / Allies) Saulgoodman: give me your shit
(24:46 / All) BattlefieldLove: He couldn't handle the bantz and the bm
(24:47 / Allies) Saulgoodman: especially wood
(25:07 / Allies) Saulgoodman: ty
(26:01 / All) FRODO-WAGGINS: so i absolutely raped and carried this team and red tks me for helping him
(26:21 / All) Saulgoodman: report him
(26:26 / All) Saulgoodman: I'll send one after this game
(26:29 / All) Saulgoodman: blizz has an upcoming ban wave
(26:42 / All) phaze: report who ?
(27:16 / All) Saulgoodman: I wish bnet had 0 latency
(27:21 / All) Saulgoodman: I'd have 0 hero deaths every game
(27:27 / All) Saulgoodman: click tp and it never goes off
(27:32 / All) BattlefieldLove: you don't get orb effect
(27:36 / All) BattlefieldLove: with mask of death
(27:40 / All) phaze: seriously ban who and why ?
(27:57 / All) phaze: fuck u people
(28:04 / All) Saulgoodman: you're gonna get banned son
(28:18 / All) phaze: ?
(28:24 / All) phaze: for
(28:25 / All) Saulgoodman: you're a hacker
(28:31 / All) phaze: i never hack
(28:39 / All) phaze: i hate hackerz
(28:43 / All) Saulgoodman: It's obvious to anyone who watches the replay
(28:52 / All) phaze: watch the replay please
(29:00 / All) phaze: you see me build 4 shadees
(29:05 / All) phaze: one each base
(29:14 / All) phaze: shade hack
(29:18 / All) FRODO-WAGGINS: you deserve this red
(29:24 / All) FRODO-WAGGINS: ungrateful animal
(29:36 / All) Saulgoodman: wow red is terrible
(29:37 / All) Saulgoodman: LOL
(29:44 / All) Saulgoodman: I only lost 2 units that whole battle
(29:47 / All) Saulgoodman: with lazy ass micro
(30:07 / All) Saulgoodman: raped lol
(31:02 / All) phaze: btw blue if u send a report on me for nothing without watching reply ill hant u in afterlife ^^
(31:06 / All) phaze: nort blue
(31:08 / All) phaze: oj
(31:13 / All) Saulgoodman: you're gonna get banned trash
(31:22 / All) phaze: lol ur a swine idiot
(31:30 / All) Saulgoodman: you're banned
(31:36 / All) Saulgoodman: how's it feel to need to buy new cd keys
(31:39 / All) phaze: cant get banned for nothing so report aaway
(31:49 / All) phaze: i have had same cd since i was 14
(31:57 / All) Saulgoodman: too bad for you
(31:59 / All) Saulgoodman: gonna need new one
(32:21 / All) phaze: lol blizz dont ban for a report by crybabys with no evidenve do what u ant
(33:01 / All) FRODO-WAGGINS: forgot greeny is still here
(33:28 / All) Saulgoodman: no disease cloud LOL
(33:35 / All) Saulgoodman: look at that armour
(33:36 / All) Saulgoodman: on that mk
(33:51 / All) phaze: pretty mk
(33:59 / All) Saulgoodman: pretty like your ban
(34:14 / All) phaze: lol go ahead cant get banned for nothing twat
(35:04 / All) phaze: tower much ?
(35:12 / All) Saulgoodman: My mk has 4 rings
(35:16 / All) BattlefieldLove: pot calling the kettle black
(35:33 / All) phaze: teal what the fuck is wrong with you ?
(35:56 / All) phaze: you watch the fucking replay aswell you will all see idiots
(36:03 / All) phaze: dont you know how to use shades ?
(36:11 / All) Saulgoodman: I see a maphacjer
(36:19 / All) phaze: your a fucking moron
(36:25 / All) Saulgoodman: least I play legit man
(36:27 / All) phaze: teal ur worse you saw my shade
(36:30 / All) Saulgoodman: least I can say that for myself
(36:46 / All) BattlefieldLove: shade is just used by hackers
(36:47 / All) phaze: never hacked, you will eat your shi when u watch replay
(36:49 / All) BattlefieldLove: to pretend they're not hacking
(36:52 / All) BattlefieldLove: |proof is in the pudding
(37:00 / All) Saulgoodman: yes
(37:01 / All) phaze: why use shade iif i can see the map teal u dickhead
(37:02 / All) Saulgoodman: shade is campaign unit
(37:09 / All) BattlefieldLove: so you don't get reported and banned, hacker
(37:24 / All) phaze: .... fucking morons
(37:59 / All) phaze: tk every game teal, u fucking dickhead
(38:03 / All) FRODO-WAGGINS: lawl
(38:05 / All) FRODO-WAGGINS: teal wtf
(38:09 / All) Saulgoodman: reported
(38:12 / All) FRODO-WAGGINS: should i kill him, pink?
(38:12 / All) Saulgoodman: tking is against the ToS
(38:23 / All) phaze: meh leave it
(38:32 / All) FRODO-WAGGINS: k sorry about him man
(38:32 / All) Saulgoodman: you're banned for tking, foul language and hacking
(38:36 / All) phaze: np
(38:40 / All) phaze: some people
(38:40 / All) Saulgoodman: how does it make you feel?
(38:41 / All) BattlefieldLove: do your worst, rookie
(38:47 / All) FRODO-WAGGINS: Giving control to pink hopefully he owns teal
(39:06 / All) phaze: he has many epos no point
(39:16 / All) FRODO-WAGGINS: do it man bm sh vs bm
(39:31 / All) phaze: i wouldnt be that boothered if it wasnt for my ally being a twat, i hate ,maphackerz more than anyone
(39:34 / All) FRODO-WAGGINS: Run
(39:36 / All) FRODO-WAGGINS: hes coming
(39:41 / All) Saulgoodman: so much self hate pink
(39:46 / All) FRODO-WAGGINS: fight pink wtf
(40:12 / All) phaze: nah i smoke and see what becoms of teal and oranges love affair
(40:20 / All) BattlefieldLove: this team loses
(40:33 / All) BattlefieldLove: his team left, plus you're an obvious hacker
(40:58 / All) phaze: you know what, im out, teal watch replay and know you are a complete assface, wont bother tking, unlike you i wont fuck over my
(41:07 / All) phaze: allies
(41:17 / All) BattlefieldLove: lol
(41:24 / All) FRODO-WAGGINS: looked up
(41:27 / All) FRODO-WAGGINS: legendaryabs on twitch
(41:30 / All) FRODO-WAGGINS: that aint him
(41:35 / All) BattlefieldLove: blue and yellow should lose
(41:41 / All) BattlefieldLove: fucking niggers kept hitting me
(41:58 / All) BattlefieldLove: blue 2-0
(41:59 / All) Saulgoodman: my team lose?
(42:00 / All) FRODO-WAGGINS: blue roughed up bob
(42:07 / All) BattlefieldLove: yeah
(42:08 / All) FRODO-WAGGINS: he was ruthless
(42:18 / All) Saulgoodman: k